 Dungeon Crawl Stone Soup version 0.21.1-1-g345015f (webtiles) character file.

62 Kairos the Poker (level 4, -2/34 HPs)
             Began as a Merfolk Skald on Mar 25, 2018.
             Slain by a goblin
             ... wielding a +0 spear
             ... led by Robin
              (3 damage)
             ... on level 2 of the Dungeon.
             The game lasted 00:01:32 (1179 turns).

Kairos the Poker (Merfolk Skald)                    Turns: 1179, Time: 00:01:33

Health: -2/34      AC:  3    Str: 12    XL:     4   Next: 8%
Magic:  0/7        EV: 13    Int: 12    God:
Gold:   104        SH:  0    Dex: 15    Spells: 6/7 levels left

rFire    . . .     SeeInvis .   a - +0 spear
rCold    . . .     Gourm    .   (no shield)
rNeg     . . .     Faith    .   b - +0 leather armour
rPois    .         Spirit   .   (no helmet)
rElec    .         Reflect  .   (no cloak)
rCorr    .         Harm     .   (no gloves)
MR       .....                  (no boots)
Stlth    +.........             (no amulet)
HPRegen  0.11/turn              e - +2 ring of dexterity
MPRegen  0.10/turn              (no ring)

@: infused
A: change form in water, swift swim, stealthy swim
a: no special abilities


You were on level 2 of the Dungeon.
You were very hungry.

You visited 1 branch of the dungeon, and saw 2 of its levels.

You collected 104 gold pieces.

Inventory:

Hand Weapons
 a - a +0 spear (weapon)
Armour
 b - a +0 leather armour (worn)
Jewellery
 e - a +2 ring of dexterity (left hand)
Scrolls
 f - a scroll of blinking {unknown}
Potions
 g - a potion of might {unknown}
 h - a potion of haste {unknown}
Books
 c - a book of Battle

   Spells                             Type                      Level
   a - Infusion                       Charms                       1
   b - Shroud of Golubria             Charms/Translocation         2
   c - Song of Slaying                Charms                       2
   d - Spectral Weapon                Hexes/Charms                 3
   e - Regeneration                   Charms/Necromancy            3
Comestibles
 d - 3 rations


   Skills:
 + Level 2.5 Fighting
 + Level 4.1 Polearms
 + Level 0.9 Armour
 + Level 3.3 Dodging
 + Level 2.1 Spellcasting
 + Level 4.0 Charms


You had 6 spell levels left.
You knew the following spells:

 Your Spells              Type           Power        Failure   Level  Hunger
a - Infusion              Chrm           ##..         6%          1    ##.....


Dungeon Overview and Level Annotations

Branches:
Dungeon (2/15)

Altars:
Okawaru

Annotations:
D:2 Robin


Message History

Robin says, "Duck!"
Robin throws the goblin at you! The goblin hits you with a dagger.
* * * LOW HITPOINT WARNING * * *
Items here: $ )))) †† You hit Robin but do no damage.
The goblin misses you. Robin hits you but does no damage.
The goblin misses you.
You hit Robin.
Robin is lightly wounded.
The goblin barely misses you. The goblin closely misses you.
Robin barely misses you.
You hit Robin.
Robin is moderately wounded.
The goblin barely misses you. The goblin hits you but does no damage.
You barely miss Robin.
Robin is moderately wounded.
The goblin completely misses you. The goblin misses you. Robin misses you.
You hit Robin.
Robin is moderately wounded.
The goblin hits you with a spear.
You die...

#.# #...###...........
#.................
#.....(##..#.#####
#...#..##..#.#
#.#.#..##..#.# .
#....##..#.#
##...##..#.#
.g###+#######...##..#.#
.......(gg@gg...##..#.#
g.......gg###...##..#.#
.........g# ##..# #.#
..........# #..#
..........# #....
..........# #.##.
...[....... .. .
...........# .#


You could see Robin and 6 goblins.

Vanquished Creatures
  2 adders (D:2)
  An ooze (D:1)
  A leopard gecko (D:1)
  2 ball pythons
  5 bats
  5 giant cockroaches
  A hobgoblin (D:1)
  6 kobolds
  3 frilled lizards
  8 goblins
  4 rats (D:1)
38 creatures vanquished.

Notes
Turn   | Place    | Note
-------+----------+-------------------------------------------
     0 | D:1      | Kairos the Merfolk Skald began the quest for the Orb.
     0 | D:1      | Reached XP level 1. HP: 16/16 MP: 3/3
   106 | D:1      | Reached XP level 2. HP: 20/22 MP: 5/5
   567 | D:1      | Reached XP level 3. HP: 25/28 MP: 6/6
   875 | D:2      | Found an iron altar of Okawaru.
  1149 | D:2      | Noticed Robin
  1155 | D:2      | Reached XP level 4. HP: 25/34 MP: 7/7
  1174 | D:2      | HP: 1/34 [goblin/dagger[Robin] (5)]
  1179 | D:2      | Slain by a goblin

Skill      XL: |  1  2  3  4 |
---------------+-------------+-----
Dodging        | 3 |  3.3
Charms         | 4 |  4.0
Polearms       | 4 |  4.1
Fighting       | |  2.5
Armour         | |  0.9
Spellcasting   | |  2.1

Action                   |  1- 3 |  4- 6 || total
-------------------------+-------+-------++-------
Melee: Spear             |   133 |    17 ||   150
 Cast: Infusion          |       |     2 ||     2
 Stab: Sleeping          |     1 |       ||     1
Armor: Leather armour    |    22 |     6 ||    28
Dodge: Dodged            |    81 |    19 ||   100
